 Dungeon Crawl Stone Soup version 0.30-a0-358-g0d69a1922f (webtiles) character file.

Game seed: 877933676482004990

196 night the Shooter (level 5, -2/61 HPs)
             Began as a Demigod Hunter on Nov 8, 2022.
             Slain by a gnoll
             ... wielding a +0 whip
              (3 damage)
             ... on level 6 of the Dungeon.
             The game lasted 00:05:41 (1778 turns).

night the Shooter (Demigod Hunter)                  Turns: 1778, Time: 00:05:42

Health: -2/61      AC:  6    Str: 12    XL:     5   Next: 21%
Magic:  7/10       EV: 11    Int: 11    God:
Gold:   159        SH:  0    Dex: 21    Spells: 5/7 levels left

rFire   . . .      SeeInvis .    a - +0 shortbow
rCold   . . .      Faith    .    (shield currently unavailable)
rNeg    . . .      Spirit   .    i - +1 ring mail
rPois   .          Reflect  .    (no helmet)
rElec   .          Harm     .    (no cloak)
rCorr   .          Rampage  .    (no gloves)
Will    .....                    (no boots)
Stlth   ..........               (no amulet)
HPRegen 0.30/turn                (no ring)
MPRegen 0.12/turn                (no ring)

@: berserking, on blink cooldown, very quick
A: high MP 1, forlorn, divine attributes
a: no special abilities


You were on level 6 of the Dungeon.
You visited 1 branch of the dungeon, and saw 4 of its levels.

You collected 159 gold pieces.

Inventory:

Hand Weapons
 a - a +0 shortbow (weapon)
Missiles
 d - 15 stones
 f - 3 poisoned darts
Armour
 c - a +0 leather armour
 i - a +1 ring mail (worn)
Scrolls
 b - a scroll of immolation
 g - a scroll of enchant armour
 n - a scroll of fear
Potions
 h - 2 potions of haste
 j - a potion of might {unknown}
 k - a potion of heal wounds {unknown}


   Skills:
 - Level 1.7 Fighting
 * Level 5.4 Ranged Weapons
 - Level 1.7 Dodging
 - Level 0.8 Stealth
 + Level 1.5 Spellcasting
 + Level 1.7 Translocations


You had 5 spell levels left.
You knew the following spells:

 Your Spells              Type           Power      Damage    Failure   Level
a - Blink                 Tloc           8%         N/A       45%         2

Your spell library contained the following spells:

 Spells                   Type           Power      Damage    Failure   Level
 Foxfire                  Conj/Fire      0%         2x1d4     56%         1
 Momentum Strike          Conj/Tloc      4%         3d8       58%         2
 Lesser Beckoning         Tloc           8%         N/A       71%         3
 Fireball                 Conj/Fire      0%         3d3       100%        5
 Starburst                Conj/Fire      0%         6d3       100%        6


Dungeon Overview and Level Annotations

Branches:
Dungeon (6/15)             Temple (0/1) D:6

Shops:
D:2 (


Innate Abilities, Weirdness & Mutations

You have an increased reservoir of magic. (+10% MP)
You shall have no god before yourself.
Your divine heritage dramatically boosts your attributes as you level up.


Message History

The white imp is almost dead.
The white imp hits you but does no damage.
The white imp attacks as you move away!
The white imp hits you but does no damage.
The gnoll attacks as you move away! The gnoll hits you with a +0 whip.
A gnoll comes into view. It is wielding a +0 whip.
The gnoll attacks as you move away! The gnoll barely misses you.
The gnoll shouts!
Okay, then.
Casting: Blink (dangerous; 45% risk of failure)
Confirm with . or Enter, or press ? or * to list all spells.
You blink.
The white imp gestures at you. The puff of frost hits you.
* * * LOW HITPOINT WARNING * * *
The gnoll barely misses you.
Casting: Blink (dangerous; 45% risk of failure)
Confirm with . or Enter, or press ? or * to list all spells.
You are still too unstable to blink.
The gnoll attacks as you move away! The gnoll hits you but does no damage.
The white imp gestures at you. The puff of frost hits you!
* * * LOW HITPOINT WARNING * * *
It was a potion of berserk rage.
A red film seems to cover your vision as you go berserk!
You feel yourself moving faster!
You feel mighty! The gnoll barely misses you.
You are too berserk!
Really attack while wielding your +0 shortbow? [Y]es or [N]o only, please.
Really attack while wielding your +0 shortbow? [Y]es or [N]o only, please.
Really attack while wielding your +0 shortbow?
You clumsily bash the white imp.
You kill the white imp!
The gnoll hits you with a +0 whip.
* * * LOW HITPOINT WARNING * * *
The orc hits you with a +0 flail.
* * * LOW HITPOINT WARNING * * *
You barely miss the orc. The gnoll hits you with a +0 whip.
You die...

########
#......#
#.@g...# .
#.og...###....
#......')'....
#......###....
#......# .
#>.....#
#)####.# .
#######.# #..#
.g #⌠.o.##.#
##...o..


You could see 2 gnolls and an orc.

Vanquished Creatures
  A howler monkey (D:6)
  A jelly (D:6)
  Robin (D:2)
  3 adders
  A white imp (D:6)
  A worm (D:2)
  2 dart slugs
  4 orcs (D:6)
  A ball python (D:2)
  5 bats
  7 endoplasms
  A giant cockroach (D:2)
  14 goblins
  8 hobgoblins
  8 kobolds
  2 quokkas
  7 frilled lizards
  A rat (D:1)
  A spectral hobgoblin (D:2)
69 creatures vanquished.

Notes
Turn   | Place    | Note
-------+----------+-------------------------------------------
     0 | D:1      | night the Demigod Hunter began the quest for the Orb.
     0 | D:1      | Reached XP level 1. HP: 17/17 MP: 3/3
   189 | D:1      | Reached skill level 4 in Ranged Weapons
   194 | D:1      | Reached XP level 2. HP: 24/24 MP: 4/4
   626 | D:2      | Reached XP level 3. HP: 20/29 MP: 5/5
   735 | D:2      | Learned a level 2 spell: Blink
   767 | D:2      | Found Imenorph's Antique Weapon Shoppe.
   962 | D:2      | Noticed Robin
   972 | D:2      | Killed Robin
   973 | D:2      | Reached skill level 1 in Translocations
   973 | D:2      | Reached XP level 4. HP: 36/36 MP: 7/7
  1092 | D:2      | Reached skill level 5 in Ranged Weapons
  1092 | D:2      | Reached skill level 1 in Spellcasting
  1599 | D:3      | You fall into a shaft and drop 3 floors!
  1599 | D:6      | Found a staircase to the Ecumenical Temple.
  1656 | D:6      | Reached XP level 5. HP: 32/41 MP: 9/9
  1713 | D:6      | Noticed an orc warrior
  1775 | D:6      | HP: 3/41 [white imp/puff of frost (9)]
  1777 | D:6      | HP: 1/61 [orc/+0 flail (1)]
  1778 | D:6      | Slain by a gnoll

Illustrated notes

Levels and vault maps discovered:
D:1:      co_arrival_hexagon_in_a_hexagon, layout_rooms,
          chequers_hall_statues_wall_a, chequers_decorated_corner
D:2:      layout_loops_ring, serial_shops, nicolae_shop_trees,
          dreamdust_ecumenical_altar_drowned_temple, serial_bayou_crossing,
          uniq_robin
D:3:      layout_loops_cross, cheibrodos_ashenzari_chains,
          dk_yredelemnul_ordeal, nicolae_overflow_hallway_of_the_gods,
          uniq_terence
D:6:      layout_basic, mainiacjoe_overflow_alcove_2,
          minmay_temple_entry_offerings

Skill      XL: |  1  2  3  4 |
---------------+-------------+-----
Ranged Weapons | 4 5 |  5.4
Translocations | 1 |  1.7
Spellcasting   | 1 |  1.5
Fighting       | |  1.7
Dodging        | |  1.7
Stealth        | |  0.8

Action                   |  1- 3 |  4- 6 || total
-------------------------+-------+-------++-------
Melee: Shortbow          |       |     2 ||     2
 Fire: Shortbow          |   127 |    64 ||   191
 Cast: Blink             |       |     1 ||     1
  Use: Scroll            |       |     6 ||     6
       Potion            |       |     1 ||     1
Armor: Ring mail         |    14 |    16 ||    30
Dodge: Dodged            |    34 |    30 ||    64

Table legend: (Time is in decaauts)
 A = Elapsed time spent in this place.
 B = Non-inter-level travel time spent in this place.
 C = Inter-level travel time spent in this place.
 D = Time resting spent in this place.
 E = Time spent auto-exploring this place.
 F = Levels seen in this place.
 G = Mean time per level.
                   A        B        C        D        E       F      G
               +--------+--------+--------+--------+--------+-----+--------+
         Total |   1874 |   1806 |     68 |    103 |   1185 |   4 |  468.5 |
       Dungeon |   1874 |   1806 |     68 |    103 |   1185 |   4 |  468.5 |
               +--------+--------+--------+--------+--------+-----+--------+

Top non-repeatable levels by time:
     D:2: 882 daAuts
     D:1: 621 daAuts
     D:6: 191 daAuts
     D:3: 178 daAuts
